 Dungeon Crawl Stone Soup version 0.13.0-9-gbc74161 (webtiles) character file.

107 Piginabag the Charmwright (level 3, 0/31 HPs)
             Began as a Naga Skald on Oct 17, 2013.
             Slain by a gnoll (4 damage)
             ... on Level 3 of the Dungeon.
             The game lasted 00:04:58 (1847 turns).

Piginabag the Charmwright (Naga Skald)              Turns: 1847, Time: 00:04:58

HP   0/31        AC  2     Str 20      XL: 3   Next: 54%
MP   2/6         EV  9     Int 12      God:
Gold 65          SH  0     Dex 10      Spells:  3 memorised,  0 levels left

Res.Fire  : . . .   See Invis. : +   a - +0 spear {=f}
Res.Cold  : . . .   Warding    : .   b - +0 leather armour
Life Prot.: . . .   Conserve   : .   (no shield)
Res.Poison: +       Res.Corr.  : .   (no helmet)
Res.Elec. : .       Clarity    : .   (no cloak)
Sust.Abil.: . .     Spirit.Shd : .   (no gloves)
Res.Mut.  : .       Stasis     : .   (no barding)
Res.Rott. : .       Flight     : .   (no amulet)
Saprovore : . . .                    (no ring)
                                     (no ring)

@: mighty, very slightly contaminated, very slow, slightly resistant to hostile
enchantments, very unstealthy
A: spit poison, see invisible, deformed body, poison resistance, slowness 2, AC
+1
a: Spit Poison


You were on level 3 of the Dungeon.
You were not hungry.

You visited 1 branch of the dungeon, and saw 3 of its levels.

You collected 45 gold pieces.

Inventory:

Hand weapons
 a - a +0,+0 spear (weapon) {=f}
Armour
 b - a +0 leather armour (worn)
Comestibles
 d - 2 bread rations
 n - a chunk of adder flesh
Scrolls
 f - a scroll of fear {unknown}
 g - a scroll of curse weapon {unknown}
 i - 2 scrolls of amnesia {unknown}
 j - a scroll of curse jewellery {unknown}
 k - a scroll of remove curse {unknown}
 o - a scroll of teleportation {unknown}
 p - a scroll of identify {unknown}
Potions
 h - 5 potions of curing {unknown}
 m - a potion of heal wounds {unknown}
Books
 c - a book of Battle

   Spells                             Type                      Level
   *Infusion                          Charms                       1
   *Shroud of Golubria                Charms/Translocation         2
   Song of Slaying                    Charms                       2
   *Spectral Weapon                   Hexes/Charms                 3
   Regeneration                       Charms/Necromancy            3
   Song of Shielding                  Charms                       4


   Skills:
 + Level 2.2 Fighting
 + Level 2.2 Polearms
 + Level 1.2 Armour
 + Level 1.1 Dodging
 + Level 0.4 Stealth
 + Level 2.1 Spellcasting
 + Level 3.6 Charms


You couldn't memorise any spells.
You knew the following spells:

 Your Spells              Type           Power        Failure   Level  Hunger
a - Infusion              Chrm           #.....       8%          1    ##.....
b - Shroud of Golubria    Chrm/Tloc      #.........   21%         2    ###....
c - Spectral Weapon       Hex/Chrm       #.......     43%         3    ####...


Dungeon Overview and Level Annotations

Branches:
Dungeon (3/27)

Altars:


Innate Abilities, Weirdness & Mutations

You cannot wear boots.
You can spit poison.
Your serpentine skin is tough (AC +1).
You have supernaturally acute eyesight.
Armour fits poorly on your strangely shaped body.
Your system is resistant to poisons.
You cover ground very slowly.


Message History

As you read the scroll labeled HOELEL PNOEN, it crumbles to dust.
You feel aware of your surroundings.
It was a scroll of magic mapping.
The gnoll hits you from afar with a spear.
The gnoll closely misses you.
Your attacks are no longer magically infused.
The gnoll hits you but does no damage. The gnoll hits you!
* * * LOW HITPOINT WARNING * * *
There is a stone staircase leading down here.
The gnoll hits you.
* * * LOW HITPOINT WARNING * * *
You climb downwards.
An adder and an orc come into view.
The orc shouts!
Found 26 sling bullets and a scroll labeled URUUNATERO.
There is a stone staircase leading up here.
Drink which item? (? for menu, Esc to quit)
You feel very mighty all of a sudden.
It was a potion of might.
The gnoll hits you.
You die...

#. ##.##
....######
#........#
#....(...#
#........#
.####........##.#
.......?@g.......
.####........##.#
#....o......
..........##.
.........S....
....#.#######
...#. ..#. .


You could see a gnoll, an adder and an orc.

Vanquished Creatures
  An adder (D:2)
  5 goblins
  7 hobgoblins
  3 kobolds (D:1)
  3 bats
  2 giant cockroaches
  2 giant geckos
  8 rats (D:1)
31 creatures vanquished.

Notes
Turn   | Place    | Note
--------------------------------------------------------------
     0 | D:1      | Piginabag, the Naga Skald, began the quest for the Orb.
     0 | D:1      | Reached XP level 1. HP: 18/18 MP: 3/3
   514 | D:1      | Reached XP level 2. HP: 16/25 MP: 0/5
  1025 | D:1      | Reached skill level 1 in Dodging
  1176 | D:1      | Reached skill level 1 in Armour
  1179 | D:1      | Reached XP level 3. HP: 26/31 MP: 1/6
  1191 | D:1      | Learned a level 2 spell: Shroud of Golubria
  1195 | D:1      | Learned a level 3 spell: Spectral Weapon
  1847 | D:3      | Slain by a gnoll

Action                   || total
-------------------------++-------
Melee: Spear             ||    76
 Cast: Infusion          ||    21
       Shroud of Golubri ||     1
  Use: Scroll            ||     1
       Potion            ||     1
